 Dungeon Crawl Stone Soup version 0.30-a0-722-g3e6e8c874d (webtiles) character file.

Game seed: 6761838492721164232

11 Hiru the Conjurer (level 2, -1/10 (17) HPs)
             Began as a Tengu Reaver on Jan 28, 2023.
             Slain by a quokka (4 damage)
             ... on level 1 of the Dungeon.
             The game lasted 00:02:29 (236 turns).

Hiru the Conjurer (Tengu Reaver)                     Turns: 236, Time: 00:02:30

HP:   -1/10 (17)    AC:  3    Str: 12    XL:     2   Next: 25%
MP:   6/6           EV: 11    Int: 13    God:
Gold: 4             SH:  0    Dex: 12    Spells: 4/5 levels left

rFire   . . .      SeeInvis .    a - +0 falchion
rCold   . . .      Faith    .    (no shield)
rNeg    . . .      Spirit   .    b - +0 leather armour
rPois   .          Reflect  .    (helmet restricted)
rElec   .          Harm     .    (no cloak)
rCorr   .          Rampage  .    (no gloves)
Will    .....                    (boots unavailable)
Stlth   +                        (no amulet)
HPRegen 0.21/turn                (no ring)
MPRegen 0.10/turn                (no ring)

@: very heavily drained
A: beak, talons 3
a: no special abilities


You were on level 1 of the Dungeon.
You visited 1 branch of the dungeon, and saw 1 of its levels.

You collected 4 gold pieces.

Inventory:

Hand Weapons
 a - a +0 falchion (weapon)
Armour
 b - a +0 leather armour (worn)
Scrolls
 c - 2 scrolls of teleportation {unknown}
 e - a scroll of vulnerability {unknown}
 f - 2 scrolls of identify {unknown}
Potions
 d - a potion of ambrosia {unknown}
 g - a potion of flight {unknown}
 h - a potion of might {unknown}


   Skills:
 - Level 2.0 Fighting
 + Level 3.5 Long Blades
 + Level 1.0 Armour
 - Level 2.1 Dodging
 - Level 2.0 Spellcasting
 + Level 4.3 Conjurations


You had 4 spell levels left.
You knew the following spells:

 Your Spells              Type           Power      Damage    Failure   Level
a - Kiss of Death         Conj/Necr      24%        2d7       13%         1

Your spell library contained the following spells:

 Spells                   Type           Power      Damage    Failure   Level
 Momentum Strike          Conj/Tloc      12%        3d8       21%         2
 Hailstorm                Conj/Ice       6%         3d4       36%         3


Dungeon Overview and Level Annotations

Branches:
Dungeon (1/15)

Altars:


Innate Abilities, Weirdness & Mutations

You have a beak for a mouth.
You have claws for feet.


Message History

No target in view!
e - a scroll labelled GINYOTIDAE
f - a scroll labelled GAFRILIBEHAKU
f - 2 scrolls labelled GAFRILIBEHAKU (gained 1)
g - an amethyst potion
Found a faded altar of an unknown god.
h - a bubbling green potion An endoplasm comes into view.
An endoplasm is nearby!
A quokka comes into view.
Found 17 gold pieces.
There is a faded altar of an unknown god here.
You see here a -2 spear of freezing.
Found 9 gold pieces and a glowing cyan potion.
The endoplasm misses you.
You hit the endoplasm.
You claw the endoplasm, but do no damage.
You peck the endoplasm.
You kill the endoplasm!
The quokka bites you.
You miss the quokka. The quokka barely misses you.
You closely miss the quokka. Your kick misses the quokka.
The quokka bites you but does no damage.
You barely miss the quokka. The quokka bites you.
The quokka closely misses you.
You hit the quokka but do no damage. Your kick misses the quokka.
The quokka closely misses you.
You hit the quokka.
The quokka is moderately wounded.
The quokka bites you but does no damage.
You closely miss the quokka. Your peck misses the quokka.
The quokka is moderately wounded.
The quokka bites you. x2
* * * LOW HITPOINT WARNING * * *
You are too injured to fight recklessly!
You are too injured to fight recklessly!
You barely miss the quokka. Your peck misses the quokka.
The quokka is moderately wounded.
The quokka bites you.
You die...

...#. #### #.... ...###
#### ## .....###.#..
...$# .
...#......##.##.#.#
#......#$#.#.#.#.#
#.#.#..#..#......
#...........####
#......#....r_##
###.#.##.#.#..@.##
#..........##.#..#
#...........####....$..
###..###.#.##...
..##!##
.....##....##... ..#
.....##.#....... ..#
..>#.##....##... ..#
####.......##... ...
####.......# ###


You could see a quokka.

Vanquished Creatures
  2 ball pythons (D:1)
  2 endoplasms (D:1)
  A giant cockroach (D:1)
  A goblin (D:1)
  2 jackals (D:1)
  A kobold (D:1)
9 creatures vanquished.

Notes
Turn   | Place    | Note
-------+----------+-------------------------------------------
     0 | D:1      | Hiru the Tengu Reaver began the quest for the Orb.
     0 | D:1      | Reached XP level 1. HP: 12/12 MP: 4/4
   104 | D:1      | Reached XP level 2. HP: 11/17 MP: 6/6
   152 | D:1      | Reached skill level 1 in Armour
   217 | D:1      | Found a faded altar of an unknown god.
   236 | D:1      | Slain by a quokka

Illustrated notes

Levels and vault maps discovered:
D:1:      ncdulo_smallfort, layout_loops_cross, ebering_ecumenical_altar_rust

Skill      XL: |  1  2 |
---------------+-------+-----
Armour         | 1 |  1.0
Fighting       | |  2.0
Long Blades    | |  3.5
Dodging        | |  2.1
Spellcasting   | |  2.0
Conjurations   | |  4.3

Action                     || total
---------------------------++-------
  Melee: Falchion          ||    17
         Kick              ||     6
         Peck              ||     2
   Cast: Kiss of Death     ||     3
   Stab: Sleeping          ||     1
 Armour: Leather armour    ||     5
  Dodge: Dodged            ||     9

Table legend: (Time is in decaauts)
 A = Elapsed time spent in this place.
 B = Non-inter-level travel time spent in this place.
 C = Inter-level travel time spent in this place.
 D = Time resting spent in this place.
 E = Time spent auto-exploring this place.
 F = Levels seen in this place.
 G = Mean time per level.
                   A        B        C        D        E       F      G
               +--------+--------+--------+--------+--------+-----+--------+
         Total |    237 |    237 |      0 |      0 |    181 |   1 |  237.0 |
       Dungeon |    237 |    237 |      0 |      0 |    181 |   1 |  237.0 |
               +--------+--------+--------+--------+--------+-----+--------+

Top non-repeatable levels by time:
     D:1: 237 daAuts
